 Dungeon Crawl Stone Soup version 0.30-a0-618-gd6c86c23d0 (webtiles) character file.

Game seed: 3505638904278867056

1001 greasedhog the Slasher (level 8, -8/67 HPs)
             Began as a Merfolk Fighter on Jan 10, 2023.
             Mangled by a troll (15 damage)
             ... on level 6 of the Dungeon.
             The game lasted 00:06:56 (5489 turns).

greasedhog the Slasher (Merfolk Fighter)            Turns: 5489, Time: 00:06:56

Health: -8/67      AC:  6    Str: 16    XL:     8   Next: 20%
Magic:  8/8        EV: 18    Int:  7    God:
Gold:   327        SH:  5    Dex: 16    Spells: 7/7 levels left

rFire   . . .      SeeInvis .    a - +0 long sword
rCold   + . .      Faith    .    c - +0 buckler
rNeg    . . .      Spirit   .    l - +0 ring mail
rPois   .          Reflect  .    (no helmet)
rElec   .          Harm     .    z - +0 cloak
rCorr   .          Rampage  .    (no gloves)
Will    .....                    (no boots)
Stlth   +                        (no amulet)
HPRegen 0.31/turn                h - ring of protection from cold
MPRegen 0.11/turn                j - +5 ring of evasion

@: mighty
A: (nimble swimmer 2), mertail
a: no special abilities


You were on level 6 of the Dungeon.
You visited 1 branch of the dungeon, and saw 6 of its levels.

You collected 327 gold pieces.

Inventory:

Hand Weapons
 a - a +0 long sword (weapon)
 w - a +0 rapier
Armour
 c - a +0 buckler (worn)
 l - a +0 ring mail (worn)
 z - a +0 cloak (worn)
Jewellery
 h - a ring of protection from cold (left hand)
 j - a +5 ring of evasion (right hand)
 v - a +4 ring of protection
 A - a +6 ring of dexterity
Scrolls
 b - a scroll of enchant weapon {unknown}
 f - 2 scrolls of fog
 k - 2 scrolls of fear {unknown}
 o - a scroll of immolation {unknown}
 q - a scroll of poison
 r - 3 scrolls of teleportation {unknown}
 u - a scroll of blinking {unknown}
 y - 2 scrolls of enchant armour
Potions
 d - a potion of might
 e - 2 potions of curing
 g - 2 potions of magic
 i - a potion of berserk rage {unknown}
 m - a potion of attraction {unknown}
 n - a potion of haste {unknown}
 p - a potion of brilliance {unknown}
 s - a potion of resistance {unknown}
 t - 2 potions of heal wounds {unknown}
 x - a potion of cancellation {unknown}


   Skills:
 * Level 7.0 Fighting
 * Level 7.2 Long Blades
 - Level 2.1 Armour
 + Level 5.8 Dodging
 - Level 3.0 Shields


You had 7 spell levels left.
You didn't know any spells.
Your spell library contained the following spells:

 Spells                   Type           Power      Damage    Failure   Level
 Apportation              Tloc           0%         N/A       75%         1
 Necrotise                Necr           0%         1d4       75%         1
 Summon Small Mammal      Summ           0%         N/A       75%         1


Dungeon Overview and Level Annotations

Branches:
Dungeon (6/15)
 Temple: D:4-7

Altars:
Elyvilon
Hepliaklqana
Kikubaaqudgha
Makhleb
Trog
Wu Jian


Innate Abilities, Weirdness & Mutations

((You are very nimble when in or above water. (Stealth+, EV+, Speed+++)))
Your lower body shifts to a powerful aquatic tail in water.


Message History

The troll bites you. The troll completely misses you. The troll claws you!
You closely miss the troll.
The troll is lightly wounded.
The troll misses you. The troll claws you. The troll misses you.
You closely miss the troll.
The troll is lightly wounded.
You block the troll's attack. The troll misses you.
The troll claws you but does no damage.
You closely miss the troll.
The troll is lightly wounded.
The troll bites you! The troll barely misses you.
The troll claws you but does no damage.
You hit the troll but do no damage. The troll closely misses you.
The troll barely misses you. The troll closely misses you.
You hit the troll but do no damage. The troll bites you!
The troll closely misses you. The troll claws you.
You hit the troll.
The troll is lightly wounded.
The troll closely misses you. The troll claws you but does no damage.
The troll barely misses you.
You hit the troll.
The troll is lightly wounded.
The troll closely misses you. The troll claws you. x2
* * * LOW HITPOINT WARNING * * *
You hit the troll but do no damage.
The troll is lightly wounded.
The troll barely misses you. The troll claws you!
* * * LOW HITPOINT WARNING * * *
The troll claws you.
* * * LOW HITPOINT WARNING * * *
You feel very mighty all of a sudden. The troll completely misses you.
The troll barely misses you. x2
You slash the troll!
The troll is moderately wounded.
The troll closely misses you. You block the troll's attack.
The troll barely misses you.
You slash the troll!
The troll is heavily wounded.
The troll bites you!
You die...

#.. ##..# ...#
#..# #..# #..#
#..#########
#...@T.....(
#..######### #..#
#..#########
.#.####..........#
........########.#
...###### #.# #.#
#.#


You could see a troll.

Vanquished Creatures
  A black bear (D:5)
  2 ogres (D:5)
  A necrophage (D:5)
  A gnoll sergeant (D:5)
  6 hounds
  2 jellies
  An iguana (D:4)
  4 orc wizards
  11 gnolls
  7 adders
  A white imp (D:5)
  A worm (D:2)
  4 dart slugs
  6 orcs
  7 ball pythons
  10 bats
  8 endoplasms
  3 giant cockroaches
  6 goblins
  6 hobgoblins
  3 jackals (D:4)
  5 kobolds
  5 quokkas
  2 frilled lizards
  3 rats
106 creatures vanquished.

Notes
Turn   | Place    | Note
-------+----------+-------------------------------------------
     0 | D:1      | greasedhog the Merfolk Fighter began the quest for the Orb.
     0 | D:1      | Reached XP level 1. HP: 18/18 MP: 1/1
    49 | D:1      | Reached skill level 1 in Dodging
    49 | D:1      | Reached XP level 2. HP: 8/24 MP: 2/2
   270 | D:1      | Reached XP level 3. HP: 30/30 MP: 3/3
   634 | D:2      | Found a hazy altar of Hepliaklqana.
  1342 | D:2      | Reached XP level 4. HP: 37/37 MP: 4/4
  2478 | D:3      | Reached XP level 5. HP: 43/43 MP: 5/5
  3237 | D:3      | Reached skill level 5 in Fighting
  3237 | D:3      | Reached XP level 6. HP: 51/51 MP: 6/6
  3703 | D:4      | Reached skill level 5 in Long Blades
  3899 | D:4      | Found a burning altar of Makhleb.
  4239 | D:5      | Entered Level 5 of the Dungeon
  4387 | D:5      | Reached XP level 7. HP: 57/57 MP: 7/7
  4409 | D:5      | Found an ancient bone altar of Kikubaaqudgha.
  4409 | D:5      | Found an ornate altar of the Wu Jian Council.
  4410 | D:5      | Found a white marble altar of Elyvilon.
  4433 | D:5      | Found a bloodstained altar of Trog.
  4455 | D:5      | Reached skill level 5 in Dodging
  5061 | D:5      | Reached XP level 8. HP: 48/65 MP: 8/8
  5471 | D:6      | Noticed a troll
  5489 | D:6      | Mangled by a troll

Illustrated notes

Levels and vault maps discovered:
D:1:      amcnicky_arrival_gap_in_the_tavern_cellar, layout_basic
D:2:      kennysheep_big_flooded_room, layout_basic, basic_altar,
          grunt_decor_one_mirror, minivault_11, palyth_stone_intersect
D:3:      layout_loops_corners, serial_park_tiny_2, kennysheep_pointless_box
D:4:      layout_basic, makhleb_blood_cavern_becter
D:5:      layout_cave_pools, nicolae_overflow_quartered_altars,
          eino_tiny_chamber, dreamdust_princess_bridge
D:6:      lemuel_castle_with_subvaults [lemuel_castle_interior_carwin_3],
          layout_loops_ring, temple_statues, minmay_gold_behind_fungi

Skill      XL: |  1  2  3  4  5  6  7  8 |
---------------+-------------------------+-----
Dodging        | 1 2 3 4 5 |  5.8
Long Blades    | 3 4 5 6 7 |  7.2
Fighting       | 4 5 6 7 |  7.0
Armour         | |  2.1
Shields        | |  3.0

Action                   |  1- 3 |  4- 6 |  7- 9 || total
-------------------------+-------+-------+-------++-------
Melee: Long sword        |   104 |   182 |   108 ||   394
Throw: Throwing net      |       |       |     2 ||     2
Evoke: Wand              |       |     6 |     5 ||    11
  Use: Scroll            |     2 |     4 |     1 ||     7
       Potion            |       |       |     1 ||     1
Armor: Scale mail        |    39 |       |       ||    39
       Ring mail         |     6 |    37 |    19 ||    62
Dodge: Dodged            |    70 |   171 |   114 ||   355
Block: Buckler           |    31 |    50 |    29 ||   110

Table legend: (Time is in decaauts)
 A = Elapsed time spent in this place.
 B = Non-inter-level travel time spent in this place.
 C = Inter-level travel time spent in this place.
 D = Time resting spent in this place.
 E = Time spent auto-exploring this place.
 F = Levels seen in this place.
 G = Mean time per level.
                   A        B        C        D        E       F      G
               +--------+--------+--------+--------+--------+-----+--------+
         Total |   5570 |   5442 |    128 |   1121 |   3109 |   6 |  928.3 |
       Dungeon |   5570 |   5442 |    128 |   1121 |   3109 |   6 |  928.3 |
               +--------+--------+--------+--------+--------+-----+--------+

Top non-repeatable levels by time:
     D:4: 1506 daAuts
     D:3: 1240 daAuts
     D:5: 1093 daAuts
     D:2: 989 daAuts
     D:1: 653 daAuts
     D:6: 87 daAuts
